[Event "47th GRE-chT 2019"]
[Site "Patra"]
[Date "2019.07.05"]
[Round "6.17"]
[White "Georgitsi, Sofia"]
[Black "Gioutsou, Miranta"]
[Result "1/2-1/2"]
[ECO "C42"]
[WhiteElo "1487"]
[BlackElo "1476"]
[Annotator "NA"]
[PlyCount "82"]
[EventDate "2019.07.02"]
[EventCountry "GRE"]
[SourceTitle "playchess.com"]
[Source "ChessBase"]
[SourceQuality "1"]
[TimeControl "5400+30"]

1. e4 e5 2. Nf3 Nf6 3. Nxe5 d6 4. Nf3 Nxe4 5. Nc3 Nxc3 6. dxc3 Be7 7. Be3 Nc6 8. Qd2 Be6 9. Nd4 Qd7 10. Be2 Bf6 11. Nxe6 fxe6 12. O-O-O O-O-O 13. f4 Kb8 14. g4 g6 15. h3 Rhf8 16. Rhf1 Bg7 17. Rf2 e5 18. fxe5 Nxe5 19. Rdf1 Rxf2 20. Rxf2 Rf8 21. Rxf8+ Bxf8 22. Qd4 Nc6 23. Qf4 Bg7 24. Bb5 Qe7 25. Qf2 a6 26. Bxc6 bxc6 27. Qf3 Kb7 28. Kd2 Qe6 29. b3 Qf6 30. Qxf6 Bxf6 31. Kd3 d5 32. Bd4 Bg5 33. Bc5 Kc8 34. Kd4 Bf6+ 35. Kd3 Kd7 36. Bd4 Be7 37. Be3 Bf6 38. Bf4 Bg7 39. Be3 Bf6 40. Bf4 Bg7 41. Be3 Bf6 {[%emt 0:00:00] Ke4} 1/2-1/2

[Event "47th GRE-chT 2019"]
[Site "Patra"]
[Date "2019.07.05"]
[Round "6.18"]
[White "Tsolakidou, Stavroula"]
[Black "Katopodis, Dimitrios"]
[Result "1-0"]
[ECO "E06"]
[WhiteElo "2423"]
[BlackElo "2279"]
[Annotator "NA"]
[PlyCount "57"]
[EventDate "2019.07.02"]
[EventCountry "GRE"]
[SourceTitle "playchess.com"]
[Source "ChessBase"]
[SourceQuality "1"]
[TimeControl "5400+30"]

1. d4 d5 2. c4 e6 3. Nf3 Nf6 4. g3 Bb4+ 5. Bd2 Be7 6. Bg2 O-O 7. O-O c6 8. Qc2 b6 9. Bf4 Bb7 10. Nbd2 c5 11. dxc5 Bxc5 12. cxd5 Nxd5 13. Ne4 Be7 14. Rfd1 Qc8 15. Qxc8 Rxc8 16. Nd6 Bxd6 17. Bxd6 Nf6 18. Bf1 Nbd7 19. Nd4 Nc5 20. f3 Nd5 21. Kf2 Ba6 22. Rac1 Nf6 23. Bg2 Na4 24. Ba3 Bb7 25. Nb5 Rxc1 26. Rxc1 Ba6 27. Nc7 Rc8 28. b3 Ne8 29. Nxa6 1-0

[Event "47th GRE-chT 2019"]
[Site "Patra"]
[Date "2019.07.05"]
[Round "6.18"]
[White "Gkikas, Vasilios"]
[Black "Korniotis, Filippos"]
[Result "1/2-1/2"]
[ECO "E12"]
[WhiteElo "1950"]
[BlackElo "2141"]
[Annotator "NA"]
[PlyCount "101"]
[EventDate "2019.07.02"]
[EventCountry "GRE"]
[SourceTitle "playchess.com"]
[Source "ChessBase"]
[SourceQuality "1"]
[TimeControl "5400+30"]

1. d4 Nf6 2. c4 e6 3. Nf3 b6 4. Bf4 Bb4+ 5. Nfd2 Bb7 6. e3 O-O 7. a3 Be7 8. Nc3 d6 9. Be2 Nbd7 10. O-O c5 11. dxc5 bxc5 12. b4 cxb4 13. axb4 a5 14. bxa5 Rxa5 15. Qc2 Nc5 16. Nb3 Rxa1 17. Rxa1 Nfd7 18. Nxc5 Nxc5 19. Rd1 Qa8 20. f3 Rd8 21. Nb5 Bc6 22. Bxd6 Rxd6 23. Nxd6 Ba4 24. Qb1 Bxd1 25. Qxd1 Qa3 26. Qd2 Bxd6 27. Qxd6 Qxe3+ 28. Kf1 g6 29. Qd1 h5 30. Qd6 Kg7 31. Qd8 Qf4 32. g3 Qe3 33. Qd1 e5 34. Qd5 Nb3 35. Qd3 Qc1+ 36. Kg2 Qb2 37. Qe4 Nc5 38. Qe3 Ne6 39. h4 Kf6 40. Kf2 Qa1 41. Bf1 Ke7 42. Be2 Kf6 43. Qe4 Qd4+ 44. Qxd4 exd4 45. f4 Nc5 46. Bf3 Kf5 47. Bd5 Kf6 48. Kf3 Kg7 49. Ke2 Kf6 50. Kf3 Kg7 51. Ke2 1/2-1/2

[Event "47th GRE-chT 2019"]
[Site "Patra"]
[Date "2019.07.05"]
[Round "6.19"]
[White "Krallis, Christos"]
[Black "Kolyvas-Dimitrakarakos, Panagiot"]
[Result "1-0"]
[ECO "E66"]
[WhiteElo "2209"]
[BlackElo "1468"]
[Annotator "NA"]
[PlyCount "77"]
[EventDate "2019.07.02"]
[EventCountry "GRE"]
[SourceTitle "playchess.com"]
[Source "ChessBase"]
[SourceQuality "1"]
[TimeControl "5400+30"]

1. Nf3 Nf6 2. c4 g6 3. g3 Bg7 4. Bg2 O-O 5. O-O c5 6. d4 d6 7. Nc3 Nc6 8. d5 Na5 9. Nd2 Re8 10. a3 b6 11. e4 Rb8 12. b4 Nb7 13. Bb2 e5 14. Nb5 Ra8 15. h3 Nh5 16. Kh2 a6 17. Nc3 Bd7 18. b5 Na5 19. Bf3 Nf6 20. Qe2 Qc8 21. Bg2 Nh5 22. bxa6 Rxa6 23. Nb5 Nb7 24. Rae1 Ra8 25. Nb1 f5 26. exf5 Bxf5 27. N1c3 Nf6 28. Bc1 Nd7 29. g4 Nf6 30. gxf5 gxf5 31. f4 e4 32. Nd1 Qd7 33. Ne3 Rf8 34. Bb2 Ne8 35. Bxg7 Nxg7 36. Rg1 Na5 37. Bh1 Rf7 38. Qb2 Rb8 39. Nxd6 1-0

[Event "47th GRE-chT 2019"]
[Site "Patra"]
[Date "2019.07.05"]
[Round "6.19"]
[White "Abelakiotis, Stavros"]
[Black "Stefanou, Dimitrios"]
[Result "1/2-1/2"]
[ECO "C99"]
[WhiteElo "1959"]
[BlackElo "1975"]
[Annotator "NA"]
[PlyCount "107"]
[EventDate "2019.07.02"]
[EventCountry "GRE"]
[SourceTitle "playchess.com"]
[Source "ChessBase"]
[SourceQuality "1"]
[TimeControl "5400+30"]

1. e4 e5 2. Nf3 Nc6 3. Bb5 a6 4. Ba4 Nf6 5. O-O Be7 6. Re1 b5 7. Bb3 d6 8. c3 O-O 9. h3 Na5 10. Bc2 c5 11. d4 Qc7 12. Nbd2 cxd4 13. cxd4 Nc6 14. Nb3 a5 15. Be3 a4 16. Nbd2 Nb4 17. Bb1 Bd7 18. a3 Nc6 19. Bd3 Qb7 20. b4 axb3 21. Nxb3 Rfc8 22. d5 Na5 23. Nxa5 Rxa5 24. Qb3 Rca8 25. Bd2 Ra4 26. Bb4 Bf8 27. Rab1 Ne8 28. Rec1 Nc7 29. Rc3 Qb6 30. Qb2 R4a7 31. Rbc1 Na6 32. Nd2 Be7 33. Rb1 Bd8 34. Nf1 Qb8 35. Rb3 Bb6 36. Qe2 Nxb4 37. Rxb4 Bc5 38. R4b3 Rxa3 39. Bxb5 Rxb3 40. Rxb3 Bxb5 41. Rxb5 Qa7 42. Rb2 g6 43. g3 Qa4 44. Kg2 Qd4 45. Rd2 Qa1 46. Rc2 Ra4 47. Nd2 Rb4 48. Qf1 Qd4 49. Qe2 f5 50. Rc4 Rxc4 51. Nxc4 fxe4 52. Ne3 Qd3 53. Qg4 Bxe3 54. Qe6+ 1/2-1/2

[Event "47th GRE-chT 2019"]
[Site "Patra"]
[Date "2019.07.05"]
[Round "6.20"]
[White "Dristellas, Neoklis"]
[Black "Dimanoudis, Petros"]
[Result "1-0"]
[ECO "B48"]
[WhiteElo "1577"]
[BlackElo "1456"]
[Annotator "NA"]
[PlyCount "57"]
[EventDate "2019.07.02"]
[EventCountry "GRE"]
[SourceTitle "playchess.com"]
[Source "ChessBase"]
[SourceQuality "1"]
[TimeControl "5400+30"]

1. e4 c5 2. Nf3 e6 3. d4 cxd4 4. Nxd4 Nc6 5. Nc3 Qc7 6. Ndb5 Qb8 7. Be3 a6 8. Nd4 Qc7 9. Qd2 Nf6 10. f3 b5 11. Nxc6 Qxc6 12. e5 b4 13. exf6 bxc3 14. bxc3 gxf6 15. Bd3 Bb7 16. Rb1 d5 17. O-O Bd6 18. Qf2 Qc7 19. f4 Rg8 20. Qf3 Rb8 21. Bd4 e5 22. fxe5 fxe5 23. Rbe1 e4 24. Qh5 Bf4 25. Qxh7 Rg6 26. Qh8+ Ke7 27. Qh4+ Bg5 28. Rxf7+ Kd8 29. Qh8+ 1-0

[Event "47th GRE-chT 2019"]
[Site "Patra"]
[Date "2019.07.05"]
[Round "6.21"]
[White "Mastrovasilis, Dimitrios"]
[Black "Banikas, Hristos"]
[Result "1/2-1/2"]
[ECO "C92"]
[WhiteElo "2589"]
[BlackElo "2601"]
[Annotator "RC"]
[PlyCount "30"]
[EventDate "2019.07.02"]
[EventCountry "GRE"]
[SourceTitle "playchess.com"]
[Source "ChessBase"]
[SourceQuality "1"]
[TimeControl "5400+30"]

1. e4 e5 2. Nf3 Nc6 3. Bb5 a6 4. Ba4 Nf6 5. O-O Be7 6. Re1 b5 7. Bb3 d6 8. c3 O-O 9. h3 Bb7 10. d4 Re8 11. Ng5 Rf8 12. Nf3 Re8 13. Ng5 Rf8 14. Nf3 Re8 15. Ng5 Rf8 1/2-1/2

[Event "47th GRE-chT 2019"]
[Site "Patra"]
[Date "2019.07.05"]
[Round "6.22"]
[White "Shoker, Samy"]
[Black "Mastrovasilis, Athanasios"]
[Result "1/2-1/2"]
[ECO "A07"]
[WhiteElo "2496"]
[BlackElo "2518"]
[Annotator "ChessBase"]
[PlyCount "60"]
[EventDate "2019.07.02"]
[EventCountry "GRE"]
[SourceTitle "playchess.com"]
[Source "ChessBase"]
[SourceQuality "1"]
[TimeControl "5400+30"]

1. Nf3 d5 2. g3 c6 3. c4 Nf6 4. d4 Bg4 5. Bg2 e6 6. O-O Nbd7 7. Nc3 Bd6 8. cxd5 exd5 9. Qb3 Qb6 10. Qxb6 axb6 11. a3 O-O 12. h3 Bxf3 13. Bxf3 b5 14. Bg5 h6 15. Bxf6 Nxf6 16. e4 dxe4 17. Nxe4 Nxe4 18. Bxe4 Rfe8 19. Bf3 Ra4 20. Rad1 b4 21. axb4 Rxb4 22. Rd2 Rd8 23. Rfd1 Be7 24. d5 cxd5 25. Bxd5 Kf8 26. b3 Rb6 27. Bc4 Rbd6 28. Rxd6 Rxd6 29. Rxd6 Bxd6 30. Bd5 b6 1/2-1/2

[Event "47th GRE-chT 2019"]
[Site "Patra"]
[Date "2019.07.05"]
[Round "6.23"]
[White "Malikentzos, Sotirios"]
[Black "Georgiev, Krum"]
[Result "1-0"]
[ECO "A49"]
[WhiteElo "2428"]
[BlackElo "2323"]
[Annotator "NA"]
[PlyCount "87"]
[EventDate "2019.07.02"]
[EventCountry "GRE"]
[SourceTitle "playchess.com"]
[Source "ChessBase"]
[SourceQuality "1"]
[TimeControl "5400+30"]

1. Nf3 g6 2. g3 Bg7 3. d4 d6 4. Bg2 Nf6 5. O-O O-O 6. b3 c6 7. Bb2 Qa5 8. Ne1 Bf5 9. Nd2 d5 10. c4 Nbd7 11. Nc2 Bh6 12. e3 Rad8 13. Re1 Rfe8 14. h3 Bg7 15. g4 Bd3 16. a3 Ne4 17. Nb4 Nxd2 18. Qxd2 dxc4 19. Rec1 Nb6 20. Bc3 Qg5 21. f4 Qh4 22. Qe1 Qxe1+ 23. Bxe1 c5 24. Nxd3 cxd3 25. Bxb7 cxd4 26. e4 e5 27. f5 Bh6 28. Rd1 Rb8 29. Ba6 Nc8 30. Rab1 d2 31. Bxd2 Bxd2 32. Rxd2 Nd6 33. Bd3 Rec8 34. b4 Rc3 35. a4 a5 36. b5 Nc8 37. Bc2 gxf5 38. gxf5 Kg7 39. Rb3 Rc7 40. Rg3+ Kf6 41. Rg8 Rcb7 42. Rh8 Kg7 43. Rd8 Rb6 44. Rg2+ 1-0

[Event "47th GRE-chT 2019"]
[Site "Patra"]
[Date "2019.07.05"]
[Round "6.24"]
[White "Alexiadis, Hristos"]
[Black "Kalogeris, Ioannis"]
[Result "1-0"]
[ECO "E06"]
[WhiteElo "2344"]
[BlackElo "2376"]
[Annotator "NA"]
[PlyCount "61"]
[EventDate "2019.07.02"]
[EventCountry "GRE"]
[SourceTitle "playchess.com"]
[Source "ChessBase"]
[SourceQuality "1"]
[TimeControl "5400+30"]

1. d4 Nf6 2. c4 e6 3. g3 d5 4. Bg2 Be7 5. Nf3 O-O 6. O-O c6 7. Qc2 b6 8. Nbd2 Bb7 9. e4 Na6 10. a3 dxc4 11. e5 Nd5 12. Nxc4 c5 13. dxc5 Nxc5 14. b4 Nd7 15. Bb2 Rc8 16. Qe2 Qc7 17. Rac1 Qb8 18. Nd4 Qa8 19. f4 a5 20. b5 Rc5 21. f5 Bg5 22. fxe6 Bxc1 23. Rxc1 Rxc4 24. Rxc4 Nc5 25. exf7+ Rxf7 26. e6 Re7 27. Rxc5 bxc5 28. Nf5 Qe8 29. Nxe7+ Qxe7 30. Qe5 Nf6 31. Qb8+ 1-0

[Event "47th GRE-chT 2019"]
[Site "Patra"]
[Date "2019.07.05"]
[Round "6.26"]
[White "Louka, Magdalini"]
[Black "Pasoglou, Ekaterini"]
[Result "1/2-1/2"]
[ECO "B92"]
[WhiteElo "1766"]
[BlackElo "1804"]
[Annotator "NA"]
[PlyCount "102"]
[EventDate "2019.07.02"]
[EventCountry "GRE"]
[SourceTitle "playchess.com"]
[Source "ChessBase"]
[SourceQuality "1"]
[TimeControl "5400+30"]

1. e4 c5 2. Nf3 d6 3. d4 Nf6 4. Nc3 cxd4 5. Nxd4 a6 6. Be3 e5 7. Nb3 Be6 8. Be2 Be7 9. O-O O-O 10. Bf3 Nbd7 11. a4 Nb6 12. Re1 Rc8 13. Bc1 Nc4 14. Qd3 Qc7 15. Nd5 Nxd5 16. exd5 Bd7 17. g3 f5 18. Bg2 Bf6 19. c3 Rce8 20. Bf1 Rc8 21. Bg2 e4 22. Qd1 Ne5 23. Be3 g5 24. f4 gxf4 25. gxf4 Nd3 26. Re2 Qd8 27. Nc1 Nxc1 28. Rxc1 Qe8 29. Bh3 Kh8 30. Rg2 Bxa4 31. b3 Bd7 32. Bd4 Qf7 33. c4 Rg8 34. Rc3 Rxg2+ 35. Bxg2 Bxd4+ 36. Qxd4+ Qg7 37. Qxg7+ Kxg7 38. Rg3+ Kf7 39. Rh3 Rh8 40. Rh6 Ke7 41. Bh3 Rg8+ 42. Kf2 Rg7 43. Rh5 Rf7 44. Rh6 Bc8 45. Ke3 Kd7 46. Ke2 Kc7 47. Kf2 b5 48. cxb5 axb5 49. b4 Bb7 50. Rh5 Bc8 51. Rh6 Bb7 1/2-1/2

[Event "47th GRE-chT 2019"]
[Site "Patra"]
[Date "2019.07.05"]
[Round "6.27"]
[White "Pasoglou, Nikoleta"]
[Black "Kouta, Antonia"]
[Result "0-1"]
[ECO "E14"]
[WhiteElo "1258"]
[BlackElo "1762"]
[Annotator "NA"]
[PlyCount "138"]
[EventDate "2019.07.02"]
[EventCountry "GRE"]
[SourceTitle "playchess.com"]
[Source "ChessBase"]
[SourceQuality "1"]
[TimeControl "5400+30"]

1. d4 Nf6 2. Nf3 e6 3. e3 c5 4. Bd3 Nc6 5. b3 b6 6. Bb2 Bb7 7. O-O Be7 8. Nbd2 O-O 9. c4 cxd4 10. exd4 d5 11. a3 Rc8 12. Rc1 dxc4 13. bxc4 Bd6 14. Qe2 Qe7 15. Ra1 Rfd8 16. Rfe1 Re8 17. Ne5 Bb8 18. Nxc6 Bxc6 19. d5 Qd6 20. Be5 Qxe5 21. Qxe5 Bxe5 22. Rxe5 exd5 23. Rae1 Rxe5 24. Rxe5 dxc4 25. Bxc4 Re8 26. Rxe8+ Nxe8 27. f3 Nd6 28. Bd3 Kf8 29. Kf2 Ke7 30. Ke3 Nb5 31. Nc4 Nc7 32. Ne5 Bd5 33. Kd4 Kd6 34. Nc4+ Kc6 35. Ne3 Be6 36. Kc3 Nb5+ 37. Kb2 Kc5 38. Nc2 Nd6 39. Kc3 b5 40. Nd4 Bd5 41. Nc2 Nc4 42. Bf5 a5 43. Bd3 Ne5 44. Bf5 g6 45. Bd3 Nc6 46. Be2 b4+ 47. axb4+ axb4+ 48. Kb2 Ne5 49. Bd1 Nc4+ 50. Kc1 b3 51. Ne1 Kb4 52. Bxb3 Kxb3 53. Kd1 Kc3 54. Ke2 Ne5 55. Ke3 Nc4+ 56. Ke2 Nd6 57. Kf2 Kd2 58. g3 Nf5 59. Ng2 Nd4 60. f4 Be6 61. Ne3 Kd3 62. Ng2 Ke4 63. Nh4 Bh3 64. Ng2 Nf3 65. Ne1 Nxe1 66. Kxe1 Kf3 67. Kd2 Kg2 68. Ke3 Kxh2 69. Kf2 Bg4 0-1

[Event "47th GRE-chT 2019"]
[Site "Patra"]
[Date "2019.07.05"]
[Round "6.28"]
[White "Ergazakis, Ioannis"]
[Black "Tsarsitalidis, Konstantinos"]
[Result "0-1"]
[ECO "D90"]
[WhiteElo "2281"]
[BlackElo "2001"]
[Annotator "NA"]
[PlyCount "114"]
[EventDate "2019.07.02"]
[EventCountry "GRE"]
[SourceTitle "playchess.com"]
[Source "ChessBase"]
[SourceQuality "1"]
[TimeControl "5400+30"]

1. d4 Nf6 2. c4 g6 3. Nc3 d5 4. Nf3 Bg7 5. h4 c6 6. Bg5 O-O 7. Bxf6 Bxf6 8. e3 Bf5 9. h5 e6 10. Qd2 Nd7 11. cxd5 cxd5 12. Bd3 Bxd3 13. Qxd3 Rc8 14. Kf1 Nb6 15. g3 Nc4 16. Rb1 Qa5 17. b4 Qa3 18. Rb3 Qa6 19. Kg2 Qc6 20. b5 Qd7 21. Nh2 Qe7 22. Ng4 Bg7 23. Ne2 Qg5 24. Rh4 Qf5 25. hxg6 fxg6 26. Nh6+ Bxh6 27. Qxf5 Rxf5 28. Rxh6 Na5 29. Rb2 Rf7 30. Nf4 Re7 31. g4 Rc3 32. Rb1 Rc2 33. Rbh1 Rf7 34. g5 Nc4 35. Kf3 Nd2+ 36. Kg2 Ne4 37. Rf1 Nxg5 38. Rh2 Rf6 39. a4 b6 40. a5 Ne4 41. axb6 axb6 42. Ra1 Rxf2+ 43. Kg1 Rxh2 44. Kxh2 Nd6 45. Ra6 Nc4 46. Kg3 Kg7 47. Ra7+ Kh6 48. Rb7 Nxe3 49. Rxb6 Nf5+ 50. Kg4 Nxd4 51. Nxd5 Rf5 52. Nc7 Rc5 53. Rb7 e5 54. b6 Nf5 55. Ne8 Rc3 56. Rxh7+ Kxh7 57. Nf6+ Kg7 0-1

[Event "47th GRE-chT 2019"]
[Site "Patra"]
[Date "2019.07.05"]
[Round "6.29"]
[White "Kazakos, Markos"]
[Black "Loukisas, Dimitrios"]
[Result "1-0"]
[ECO "D02"]
[WhiteElo "2069"]
[BlackElo "1898"]
[Annotator "NA"]
[PlyCount "91"]
[EventDate "2019.07.02"]
[EventCountry "GRE"]
[SourceTitle "playchess.com"]
[Source "ChessBase"]
[SourceQuality "1"]
[TimeControl "5400+30"]

1. Nf3 d5 2. g3 Nf6 3. Bg2 c5 4. O-O Nc6 5. d4 cxd4 6. Nxd4 e5 7. Nxc6 bxc6 8. c4 Be6 9. Qa4 Qd7 10. Nc3 Rc8 11. cxd5 cxd5 12. Qxd7+ Kxd7 13. Rd1 Rc5 14. Bg5 Kc6 15. Rac1 a5 16. Be3 Rxc3 17. Rxc3+ Kb5 18. a4+ Kxa4 19. Ra1+ Kb5 20. Rc7 Bb4 21. Rb7+ Kc4 22. Bb6 Ra8 23. e3 Kd3 24. Bc7 Nd7 25. Rxb4 axb4 26. Rxa8 Kc2 27. Rd8 e4 28. Bf1 Kxb2 29. Bb5 Nc5 30. Bd6 Nb7 31. Be5+ Kc2 32. Rb8 Nc5 33. Bd6 Nd3 34. Bxd3+ exd3 35. Bxb4 d2 36. Bxd2 Kxd2 37. Rh8 g5 38. Rxh7 g4 39. Rg7 Kd3 40. Rg8 Ke4 41. Rb8 Kd3 42. Rb4 Ke2 43. Rf4 Ke1 44. h4 gxh3 45. g4 Ke2 46. Kh2 1-0

[Event "47th GRE-chT 2019"]
[Site "Patra"]
[Date "2019.07.05"]
[Round "6.30"]
[White "Souchleris, Nikolaos"]
[Black "Tsarsitalidis, Christos"]
[Result "1/2-1/2"]
[ECO "D05"]
[WhiteElo "1204"]
[BlackElo "1802"]
[Annotator "NA"]
[PlyCount "61"]
[EventDate "2019.07.02"]
[EventCountry "GRE"]
[SourceTitle "playchess.com"]
[Source "ChessBase"]
[SourceQuality "1"]
[TimeControl "5400+30"]

1. d4 d5 2. Nf3 Nf6 3. e3 e6 4. Bd3 c5 5. b3 Nc6 6. Bb2 Bd6 7. O-O O-O 8. c4 b6 9. Nbd2 Bb7 10. Rc1 Rc8 11. Qe2 Re8 12. Rfd1 Qe7 13. Bb1 Rcd8 14. h3 h6 15. Re1 cxd4 16. exd4 Bb4 17. Qd3 g6 18. Qe3 Kg7 19. Re2 Ba3 20. Bxa3 Qxa3 21. Rce1 Ba6 22. Ne5 dxc4 23. Nxc6 Rc8 24. Nxa7 Rc7 25. Nxc4 Bxc4 26. bxc4 Qxa7 27. Qb3 Rd8 28. Rd2 Qa6 29. Rc1 Qa5 30. Rcd1 Rdc8 31. Bd3 1/2-1/2

[Event "47th GRE-chT 2019"]
[Site "Patra"]
[Date "2019.07.05"]
[Round "6.32"]
[White "Postny, Evgeny"]
[Black "Gouloutis, Nikolaos"]
[Result "1/2-1/2"]
[ECO "E16"]
[WhiteElo "2601"]
[BlackElo "2367"]
[Annotator "RC"]
[PlyCount "173"]
[EventDate "2019.07.02"]
[EventCountry "GRE"]
[SourceTitle "playchess.com"]
[Source "ChessBase"]
[SourceQuality "1"]
[TimeControl "5400+30"]

1. d4 Nf6 2. c4 e6 3. g3 d5 4. Bg2 Bb4+ 5. Nd2 O-O 6. Ngf3 b6 7. O-O Bb7 8. Ne5 a5 9. Qc2 Be7 10. Ndf3 Na6 11. cxd5 exd5 12. Nc6 Nb4 13. Nxe7+ Qxe7 14. Qd1 Rfe8 15. a3 Na6 16. Re1 c5 17. Qb3 Qe6 18. Bf4 h6 19. dxc5 Nxc5 20. Qa2 a4 21. Nd4 Qd7 22. Rad1 Ba6 23. Qb1 Rad8 24. Bf3 Nfe4 25. Nc2 Bc4 26. Be3 Qe6 27. Bg2 Qg6 28. Nd4 Qf6 29. Nf3 Nb3 30. Nd4 Nbc5 31. Qc1 Nb3 32. Nxb3 Bxb3 33. Bd4 Qe6 34. Rd3 Rc8 35. Qf4 g5 36. Qe3 Bc2 37. Bxe4 Qxe4 38. Qxe4 dxe4 39. Rd2 b5 40. Rc1 Bb3 41. Rxc8 Rxc8 42. Bc3 h5 43. Rd6 Be6 44. Rb6 Rc5 45. h4 g4 46. Kf1 Kh7 47. Ke1 Rd5 48. Rb8 Kg6 49. Rg8+ Kh7 50. Rh8+ Kg6 51. Bb4 Kg7 52. Rb8 Kh7 53. Bd2 Rf5 54. Rb6 Kg8 55. Rc6 Kh7 56. Rb6 Kg8 57. Ra6 Kh7 58. Ra8 Bb3 59. Rd8 Rd5 60. Re8 Bc2 61. Rc8 Bb3 62. Rc6 Kg8 63. Rc7 Rd8 64. Re7 Be6 65. Rb7 Bc4 66. Bg5 Rd5 67. Re7 Bb3 68. Bd2 Bc2 69. Re8+ Kh7 70. Rf8 Kg6 71. Rg8+ Kh7 72. Rc8 Bb3 73. Rc6 Kg8 74. Rc7 Rd8 75. Re7 Be6 76. Rb7 Bc4 77. Rb6 Kg7 78. Bh6+ Kg8 79. Bd2 Kg7 80. Bc3+ Kh7 81. Rf6 Be6 82. Rf4 f5 83. f3 exf3 84. exf3 Rd3 85. fxg4 hxg4 86. Kf2 Kg6 87. Rd4 1/2-1/2

[Event "47th GRE-chT 2019"]
[Site "Patra"]
[Date "2019.07.05"]
[Round "6.33"]
[White "Tetepoulidis, Ioannis"]
[Black "Grivas, Efstratios"]
[Result "1/2-1/2"]
[ECO "B23"]
[WhiteElo "2117"]
[BlackElo "2418"]
[Annotator "NA"]
[PlyCount "81"]
[EventDate "2019.07.02"]
[EventCountry "GRE"]
[SourceTitle "playchess.com"]
[Source "ChessBase"]
[SourceQuality "1"]
[TimeControl "5400+30"]

1. e4 c5 {[%emt 0:00:00] c5} 2. Nc3 Nc6 3. f4 e6 4. Nf3 Nge7 5. d4 Nxd4 6. Nxd4 cxd4 7. Qxd4 Nc6 8. Qf2 d6 9. Be3 Bd7 10. O-O-O a6 11. Bb6 Qb8 12. g4 Be7 13. Rg1 g5 14. f5 Ne5 15. f6 Bd8 16. Bxd8 Qxd8 17. Rxd6 Qc7 18. Rd2 O-O-O 19. Be2 Bc6 20. Rxd8+ Rxd8 21. h4 h6 22. Qe3 Rg8 23. hxg5 hxg5 24. Rh1 Nd7 25. Qd4 Qf4+ 26. Kb1 Qxf6 27. Qxf6 Nxf6 28. Rf1 Nxe4 29. Nxe4 Bxe4 30. Rxf7 Rh8 31. Kc1 Rh2 32. Bd3 Bxd3 33. cxd3 Rg2 34. Re7 Rxg4 35. Rxe6 Kd7 36. Rg6 Rg2 37. d4 g4 38. d5 g3 39. a4 Ke7 40. d6+ Kd7 41. Kb1 1/2-1/2

[Event "47th GRE-chT 2019"]
[Site "Patra"]
[Date "2019.07.05"]
[Round "6.34"]
[White "Souleidis, Georgios"]
[Black "Nikolakis, Panagiotis Marios"]
[Result "1/2-1/2"]
[ECO "B30"]
[WhiteElo "2426"]
[BlackElo "1911"]
[Annotator "NA"]
[PlyCount "130"]
[EventDate "2019.07.02"]
[EventCountry "GRE"]
[SourceTitle "playchess.com"]
[Source "ChessBase"]
[SourceQuality "1"]
[TimeControl "5400+30"]

1. e4 c5 2. Nf3 d6 3. Bc4 e6 4. O-O Nc6 5. Re1 Nf6 6. Bb3 Be7 7. c3 O-O 8. d4 e5 9. d5 Nb8 10. a4 b6 11. Nbd2 Re8 12. Bc4 a6 13. h3 Bf8 14. b4 Nbd7 15. Ba3 Nh5 16. Bf1 Rb8 17. Rb1 g6 18. bxc5 bxc5 19. Rxb8 Nxb8 20. Nc4 Nf4 21. Bc1 Bg7 22. Kh2 Qc7 23. Bxf4 exf4 24. Qd2 Nd7 25. Qxf4 Bxc3 26. Qxd6 Qxd6+ 27. Nxd6 Ne5 28. Nxe8 Nxf3+ 29. gxf3 Bxe1 30. d6 Bc3 31. f4 Bd7 32. Nc7 Bxa4 33. e5 Kf8 34. Bxa6 Bc6 35. Kg3 Bd4 36. Bb5 Bxb5 37. Nxb5 Bb2 38. Kf3 Ke8 39. Ke4 c4 40. Nc7+ Kd8 41. Nd5 h6 42. Ne3 c3 43. Kd3 g5 44. fxg5 hxg5 45. Kc2 Kd7 46. Nd5 Ke6 47. Nc7+ Kd7 48. Nd5 Ke6 49. Nxc3 Ba3 50. Kb3 Bc5 51. Kc4 Bxf2 52. Ne4 Bb6 53. Nxg5+ Kxe5 54. Kb5 Be3 55. Nxf7+ Ke6 56. d7 Kxd7 57. Ne5+ Ke6 58. Ng4 Bc1 59. Kc4 Kf5 60. Kd3 Kg5 61. Ke4 Kh4 62. Nf2 Ba3 63. Kf3 Bc5 64. Kg2 Bxf2 65. Kxf2 Kxh3 1/2-1/2

[Event "47th GRE-chT 2019"]
[Site "Patra"]
[Date "2019.07.05"]
[Round "6.35"]
[White "Salimova, Nurgyul"]
[Black "Daulyte-Cornette, Deimante"]
[Result "1/2-1/2"]
[ECO "C54"]
[WhiteElo "2416"]
[BlackElo "2444"]
[Annotator "NA"]
[PlyCount "56"]
[EventDate "2019.07.02"]
[EventCountry "GRE"]
[SourceTitle "playchess.com"]
[Source "ChessBase"]
[SourceQuality "1"]
[TimeControl "5400+30"]

1. e4 e5 2. Nf3 Nc6 3. Bc4 Nf6 4. d3 Bc5 5. O-O d6 6. c3 a6 7. a4 Ba7 8. Nbd2 O-O 9. h3 Ne7 10. Re1 Ng6 11. Nf1 c6 12. Bb3 d5 13. Bg5 h6 14. Bxf6 Qxf6 15. exd5 Nf4 16. d4 exd4 17. cxd4 cxd5 18. Ne3 Be6 19. Ng4 Bxg4 20. hxg4 Rfe8 21. Re3 Re4 22. Bc2 Re7 23. Rxe7 Qxe7 24. g3 Ne6 25. Qd3 g6 26. Re1 Qf6 27. Bb3 Rd8 28. Rd1 Kg7 1/2-1/2

[Event "47th GRE-chT 2019"]
[Site "Patra"]
[Date "2019.07.05"]
[Round "6.36"]
[White "Kalyva, Kyriaki"]
[Black "Batzoli, Maria"]
[Result "1-0"]
[ECO "E40"]
[WhiteElo "1869"]
[BlackElo "1390"]
[Annotator "NA"]
[PlyCount "67"]
[EventDate "2019.07.02"]
[EventCountry "GRE"]
[SourceTitle "playchess.com"]
[Source "ChessBase"]
[SourceQuality "1"]
[TimeControl "5400+30"]

1. d4 Nf6 2. c4 e6 3. Nc3 Bb4 4. e3 Bxc3+ 5. bxc3 d6 6. Bd3 Qe7 7. e4 e5 8. Qe2 c5 9. Nf3 O-O 10. O-O Nbd7 11. Bd2 Re8 12. d5 Nf8 13. Bc2 Ng6 14. Ne1 Rf8 15. g3 Bh3 16. Ng2 Nd7 17. Qh5 Bxg2 18. Kxg2 Nb6 19. Bd3 Qd7 20. f4 f6 21. f5 Ne7 22. g4 Qe8 23. Qh4 g5 24. fxg6 Qxg6 25. Rf3 Nxc4 26. Bxc4 Rf7 27. Bd3 c4 28. Bc2 Nxd5 29. Rf5 Ne7 30. Raf1 Nxf5 31. exf5 Qg7 32. Bh6 Qh8 33. Be4 Raf8 34. Bd5 1-0

[Event "47th GRE-chT 2019"]
[Site "Patra"]
[Date "2019.07.05"]
[Round "6.37"]
[White "Nikolaki, Dimitria"]
[Black "Kyriakidou, Chrysa"]
[Result "0-1"]
[ECO "D10"]
[WhiteElo "1323"]
[BlackElo "1338"]
[Annotator "NA"]
[PlyCount "90"]
[EventDate "2019.07.02"]
[EventCountry "GRE"]
[SourceTitle "playchess.com"]
[Source "ChessBase"]
[SourceQuality "1"]
[TimeControl "5400+30"]

1. d4 d5 2. c4 c6 3. cxd5 cxd5 4. Bf4 Nf6 5. e3 Nc6 6. Nc3 a6 7. Bd3 Bg4 8. Nge2 e6 9. h3 Bh5 10. O-O Bd6 11. Bxd6 Qxd6 12. a3 Bg6 13. Nf4 Bxd3 14. Nxd3 O-O 15. Na4 Ra7 16. Ndc5 b5 17. Nc3 e5 18. Nb3 Rd8 19. dxe5 Nxe5 20. Nd4 Rad7 21. a4 b4 22. Nce2 Ne4 23. Rc1 Rc7 24. Rxc7 Qxc7 25. Nf4 Qd7 26. Qe2 Qxa4 27. b3 Qa5 28. Nc2 Nc3 29. Qh5 Ng6 30. Nxg6 hxg6 31. Qg5 Re8 32. Qg4 Rb8 33. Ra1 Qb6 34. Qg5 a5 35. Qe5 Rc8 36. Nd4 a4 37. h4 a3 38. Kh1 Nb5 39. Qxd5 Nxd4 40. exd4 Qc6 41. Qg5 Qc3 42. Rg1 a2 43. Qa5 Qxb3 44. Kh2 Qc4 45. Ra1 b3 0-1